TOP OF THE 1ST |
Pure Michigan Great Lakers batting - Pitching for Augusta Timber Hawks : RHP Nicholas Beyer
|
Pitching: RHP Nicholas Beyer
|
|
Batting: RHB Lorenzo Sabastro
|
0-0: Called Strike 0-1: Ball 1-1: Ball 2-1: Ground out 6-3 (Groundball, 6)
|
Batting: RHB Javier Rivera
|
0-0: Ball 1-0: Foul Ball, location: 2F 1-1: Called Strike 1-2: Fly out, F9 (Flyball, 9M)
|
Batting: LHB Mario Cruz
|
0-0: Foul Ball, location: 2F 0-1: Foul Ball, location: 2F 0-2: Strikes out swinging
|
Top of the 1st over - 0 run(s), 0 hit(s), 0 error(s), 0 left on base; Pure Michigan 0 - Augusta 0 |
BOTTOM OF THE 1ST |
Augusta Timber Hawks batting - Pitching for Pure Michigan Great Lakers : LHP Jaime Carrión
|
Pitching: LHP Jaime Carrión
|
|
Batting: RHB Wessel Wemerman
|
0-0: Ball 1-0: Called Strike 1-1: Ball 2-1: Ball 3-1: Called Strike 3-2: Base on Balls
|
Batting: LHB Juan Gabriel
|
0-0: Ball 1-0: Ball 2-0: Called Strike 2-1: Called Strike 2-2: Ball 3-2: Foul Ball, location: 2F 3-2: Strikes out swinging Wessel Wemerman is caught stealing 2nd base Batter strikes out.
|
Batting: RHB Bob Sargent
|
0-0: Ball 1-0: Foul Ball, location: 2F 1-1: Called Strike 1-2: Ground out 1-3 (Groundball, 15)
|
Bottom of the 1st over - 0 run(s), 0 hit(s), 0 error(s), 0 left on base; Pure Michigan 0 - Augusta 0 |
TOP OF THE 2ND |
Pure Michigan Great Lakers batting - Pitching for Augusta Timber Hawks : RHP Nicholas Beyer
|
Batting: RHB Nathan Horton
|
0-0: Reached on error, E5 (Groundball, 5L)
|
Batting: LHB Sean Angwin
|
0-0: Called Strike 0-1: Foul Ball, location: 2F 0-2: Ball 1-2: DOUBLE (Flyball, 8LXD) Nathan Horton scores
|
Batting: LHB Greg Robinson
|
0-0: Ball 1-0: Ball 2-0: Ball 3-0: Base on Balls
|
Batting: SHB Mike Barton
|
0-0: Ball 1-0: Ball 2-0: Called Strike 2-1: Ball 3-1: Swinging Strike 3-2: Strikes out looking
|
Batting: RHB Zong-yuan Fung
|
0-0: Called Strike 0-1: Ball 1-1: Swinging Strike 1-2: Grounds into double play, 5-4-3 (Groundball, 56)
|
Top of the 2nd over - 1 run(s), 1 hit(s), 1 error(s), 1 left on base; Pure Michigan 1 - Augusta 0 |
BOTTOM OF THE 2ND |
Augusta Timber Hawks batting - Pitching for Pure Michigan Great Lakers : LHP Jaime Carrión
|
Batting: LHB Mike Hanson
|
0-0: Ground out U3 (Groundball, 3S)
|
Batting: RHB Enrique Pimentel
|
0-0: Ball 1-0: Foul Ball, location: 2F 1-1: Swinging Strike 1-2: Foul Ball, location: 2F 1-2: Foul Ball, location: 2F 1-2: Strikes out looking
|
Batting: RHB Steve Hinkle
|
0-0: Called Strike 0-1: Ball 1-1: Called Strike 1-2: Ball 2-2: Strikes out swinging
|
Bottom of the 2nd over - 0 run(s), 0 hit(s), 0 error(s), 0 left on base; Pure Michigan 1 - Augusta 0 |
TOP OF THE 3RD |
Pure Michigan Great Lakers batting - Pitching for Augusta Timber Hawks : RHP Nicholas Beyer
|
Batting: SHB Valentín Guzmán
|
0-0: Ball 1-0: Called Strike 1-1: Foul Ball, location: 2F 1-2: Ball 2-2: Ball 3-2: Ground out 4-3 (Groundball, 34)
|
Batting: RHB Lorenzo Sabastro
|
0-0: Called Strike 0-1: Ball 1-1: Foul Ball, location: 2F 1-2: Strikes out swinging
|
Batting: RHB Javier Rivera
|
0-0: Called Strike 0-1: Foul Ball, location: 2F 0-2: Foul Ball, location: 2F 0-2: Ball 1-2: Strikes out looking
|
Top of the 3rd over - 0 run(s), 0 hit(s), 0 error(s), 0 left on base; Pure Michigan 1 - Augusta 0 |
BOTTOM OF THE 3RD |
Augusta Timber Hawks batting - Pitching for Pure Michigan Great Lakers : LHP Jaime Carrión
|
Batting: SHB Manuel González
|
0-0: Fly out, F9 (Flyball, 89M)
|
Batting: RHB Marshall Lamar
|
0-0: Ball 1-0: SINGLE (Groundball, 6MD)
|
Batting: RHB Marlon Cummins
|
0-0: Ball Throwing error on steal attempt, E2 Marshall Lamar to third 1-0: Ground out 5-3 (Groundball, 5L)
|
Batting: RHB Wessel Wemerman
|
0-0: DOUBLE (Line Drive, 8RXD) Marshall Lamar scores
|
Pinch Runner at 2nd Danny Penn:
|
|
Batting: LHB Juan Gabriel
|
0-0: Ball 1-0: Ball 2-0: Called Strike 2-1: SINGLE (Groundball, 34D) Danny Penn to third Runner from 3rd tries for Home, SAFE, no throw or cutoff
|
Batting: RHB Bob Sargent
|
0-0: Fly out, F2 (Popup, 2LF)
|
Bottom of the 3rd over - 2 run(s), 3 hit(s), 1 error(s), 1 left on base; Pure Michigan 1 - Augusta 2 |
TOP OF THE 4TH |
Pure Michigan Great Lakers batting - Pitching for Augusta Timber Hawks : RHP Nicholas Beyer
|
Now in LF: Danny Penn
|
|
Batting: LHB Mario Cruz
|
0-0: Fly out, F7 (Flyball, 78XD)
|
Batting: RHB Nathan Horton
|
0-0: Called Strike 0-1: Ball 1-1: Called Strike 1-2: Ball 2-2: DOUBLE (Groundball, 5L)
|
Batting: LHB Sean Angwin
|
0-0: Foul Ball, location: 2F 0-1: Swinging Strike 0-2: Ball 1-2: Ball 2-2: Strikes out swinging
|
Batting: LHB Greg Robinson
|
0-0: Ball 1-0: Fly out, F6 (Popup, 6M)
|
Top of the 4th over - 0 run(s), 1 hit(s), 0 error(s), 1 left on base; Pure Michigan 1 - Augusta 2 |
BOTTOM OF THE 4TH |
Augusta Timber Hawks batting - Pitching for Pure Michigan Great Lakers : LHP Jaime Carrión
|
Batting: LHB Mike Hanson
|
0-0: Called Strike 0-1: Ball 1-1: Foul Ball, location: 2F 1-2: Ball 2-2: Ground out 3-1 (Groundball, 34)
|
Batting: RHB Enrique Pimentel
|
0-0: Foul Ball, location: 2F 0-1: Ball 1-1: Foul Ball, location: 2F 1-2: Ball 2-2: Foul Ball, location: 2F 2-2: Strikes out looking
|
Batting: RHB Steve Hinkle
|
0-0: Ball 1-0: Ball 2-0: Called Strike 2-1: Foul Ball, location: 2F 2-2: Foul Ball, location: 2F 2-2: Ground out 6-3 (Groundball, 6)
|
Bottom of the 4th over - 0 run(s), 0 hit(s), 0 error(s), 0 left on base; Pure Michigan 1 - Augusta 2 |
TOP OF THE 5TH |
Pure Michigan Great Lakers batting - Pitching for Augusta Timber Hawks : RHP Nicholas Beyer
|
Batting: SHB Mike Barton
|
0-0: Called Strike 0-1: Ball 1-1: Foul Ball, location: 2F 1-2: Foul Ball, location: 2F 1-2: SINGLE (Groundball, 6M)
|
Batting: RHB Zong-yuan Fung
|
0-0: Ball 1-0: Sac Bunt - play at first, batter OUT! 5-4 Mike Barton to second
|
Batting: SHB Valentín Guzmán
|
0-0: Ball 1-0: Fly out, F8 (Flyball, 8LM)
|
Batting: RHB Lorenzo Sabastro
|
0-0: Ball 1-0: Swinging Strike 1-1: Foul Ball, location: 2F 1-2: Ball 2-2: Ball 3-2: Base on Balls
|
Batting: RHB Javier Rivera
|
0-0: Ball 1-0: Foul Ball, location: 2F 1-1: Ball 2-1: Ball 3-1: Fly out, F4 (Popup, 4D)
|
Top of the 5th over - 0 run(s), 1 hit(s), 0 error(s), 2 left on base; Pure Michigan 1 - Augusta 2 |
BOTTOM OF THE 5TH |
Augusta Timber Hawks batting - Pitching for Pure Michigan Great Lakers : LHP Jaime Carrión
|
Batting: SHB Manuel González
|
0-0: Swinging Strike 0-1: Foul Ball, location: 2F 0-2: Ground out 6-3 (Groundball, 6)
|
Batting: RHB Marshall Lamar
|
0-0: Foul Ball, location: 2F 0-1: Ball 1-1: Foul Ball, location: 2F 1-2: Ball 2-2: Fly out, F7 (Flyball, 7D)
|
Batting: RHB Marlon Cummins
|
0-0: Ball 1-0: Foul Ball, location: 2F 1-1: Ball 2-1: Foul Ball, location: 2F 2-2: Strikes out swinging
|
Bottom of the 5th over - 0 run(s), 0 hit(s), 0 error(s), 0 left on base; Pure Michigan 1 - Augusta 2 |
TOP OF THE 6TH |
Pure Michigan Great Lakers batting - Pitching for Augusta Timber Hawks : RHP Nicholas Beyer
|
Batting: LHB Mario Cruz
|
0-0: Ball 1-0: Ball 2-0: Ball 3-0: Called Strike 3-1: Base on Balls
|
Batting: RHB Nathan Horton
|
0-0: Called Strike 0-1: DOUBLE (Flyball, 89D) Mario Cruz to third
|
Batting: LHB Sean Angwin
|
0-0: Swinging Strike 0-1: Called Strike 0-2: Ball 1-2: Ball 2-2: Strikes out swinging
|
Pitching: RHP Tom Sosa
|
|
Batting: LHB Greg Robinson
|
0-0: Called Strike 0-1: Ball 1-1: Foul Ball, location: 2F 1-2: Ball 2-2: SINGLE (Groundball, 6MD) Mario Cruz scores Nathan Horton to third Runner from 3rd tries for Home, SAFE, no throw or cutoff
|
Batting: SHB Mike Barton
|
0-0: Ball 1-0: Ball 2-0: Called Strike 2-1: Foul Ball, location: 2F 2-2: SINGLE (Groundball, 13) (infield hit) Greg Robinson to second
|
Batting: RHB Zong-yuan Fung
|
0-0: DOUBLE (Flyball, 78XD) Greg Robinson scores Mike Barton to third Runner from 3rd tries for Home, SAFE, no throw or cutoff
|
Batting: SHB Valentín Guzmán
|
0-0: Intentional Walk
|
Batting: RHB Lorenzo Sabastro
|
0-0: Called Strike 0-1: Called Strike 0-2: Fly out, F7 (Line Drive, 7M)
|
Batting: RHB Javier Rivera
|
0-0: Called Strike 0-1: Ball Wild Pitch! Zong-yuan Fung to third Valentín Guzmán to second 1-1: Swinging Strike 1-2: Ball 2-2: Strikes out swinging
|
Top of the 6th over - 4 run(s), 4 hit(s), 0 error(s), 2 left on base; Pure Michigan 5 - Augusta 2 |
BOTTOM OF THE 6TH |
Augusta Timber Hawks batting - Pitching for Pure Michigan Great Lakers : LHP Jaime Carrión
|
Batting: RHB Danny Penn
|
0-0: Ball 1-0: Foul Ball, location: 2F 1-1: DOUBLE (Flyball, 7LS)
|
Batting: LHB Juan Gabriel
|
0-0: Called Strike 0-1: Ground out 4-3 (Groundball, 4M) Danny Penn to third
|
Batting: RHB Bob Sargent
|
0-0: Called Strike 0-1: Ball 1-1: Ball 2-1: Foul Ball, location: 2F 2-2: Ball 3-2: Strikes out looking
|
Batting: LHB Mike Hanson
|
0-0: Called Strike 0-1: Called Strike 0-2: Ball 1-2: Ball 2-2: Ball 3-2: SINGLE (Groundball, 34S) (infield hit) Danny Penn scores
|
Batting: RHB Enrique Pimentel
|
0-0: Called Strike 0-1: Foul Ball, location: 2F 0-2: Ground out 4-3 (Groundball, 4)
|
Bottom of the 6th over - 1 run(s), 2 hit(s), 0 error(s), 1 left on base; Pure Michigan 5 - Augusta 3 |
TOP OF THE 7TH |
Pure Michigan Great Lakers batting - Pitching for Augusta Timber Hawks : RHP Tom Sosa
|
Batting: LHB Mario Cruz
|
0-0: Called Strike 0-1: Swinging Strike 0-2: Ball 1-2: Ground out 5-3 (Groundball, 15S)
|
Batting: RHB Nathan Horton
|
0-0: Called Strike 0-1: SINGLE (Line Drive, 4D)
|
Batting: LHB Sean Angwin
|
0-0: Foul Ball, location: 2F 0-1: Fly out, F5 (Popup, 5F)
|
Batting: LHB Greg Robinson
|
0-0: Ball 1-0: Fly out, F9 (Line Drive, 9S)
|
Top of the 7th over - 0 run(s), 1 hit(s), 0 error(s), 1 left on base; Pure Michigan 5 - Augusta 3 |
BOTTOM OF THE 7TH |
Augusta Timber Hawks batting - Pitching for Pure Michigan Great Lakers : LHP Jaime Carrión
|
Batting: RHB Steve Hinkle
|
0-0: Called Strike 0-1: Ball 1-1: Ball 2-1: Foul Ball, location: 2F 2-2: Strikes out looking
|
Batting: SHB Manuel González
|
0-0: Ground out 1-3 (Groundball, 13S)
|
Batting: RHB Marshall Lamar
|
0-0: Swinging Strike 0-1: Foul Ball, location: 2F 0-2: Ball 1-2: Ball 2-2: Foul Ball, location: 2F 2-2: Ground out 6-3 (Groundball, 6)
|
Bottom of the 7th over - 0 run(s), 0 hit(s), 0 error(s), 0 left on base; Pure Michigan 5 - Augusta 3 |
TOP OF THE 8TH |
Pure Michigan Great Lakers batting - Pitching for Augusta Timber Hawks : RHP Tom Sosa
|
Batting: SHB Mike Barton
|
0-0: Called Strike 0-1: Ground out 1-3 (Groundball, 25)
|
Batting: RHB Zong-yuan Fung
|
0-0: Foul Ball, location: 2F 0-1: Ball 1-1: Fly out, F7 (Flyball, 78M)
|
Batting: SHB Valentín Guzmán
|
0-0: Called Strike 0-1: Called Strike 0-2: Ball 1-2: Fly out, F9 (Flyball, 9M)
|
Top of the 8th over - 0 run(s), 0 hit(s), 0 error(s), 0 left on base; Pure Michigan 5 - Augusta 3 |
BOTTOM OF THE 8TH |
Augusta Timber Hawks batting - Pitching for Pure Michigan Great Lakers : LHP Jaime Carrión
|
Now in LF: Bill Childers
|
|
Batting: RHB Marlon Cummins
|
0-0: Foul Ball, location: 2F 0-1: Ball 1-1: Foul Ball, location: 2F 1-2: Foul Ball, location: 2F 1-2: Foul Ball, location: 2F 1-2: Ball 2-2: Foul Ball, location: 2F 2-2: Strikes out looking
|
Pitching: RHP Jim Unknown
|
|
Batting: RHB Danny Penn
|
0-0: Ball 1-0: Ball 2-0: Called Strike 2-1: Foul Ball, location: 2F 2-2: Strikes out swinging
|
Batting: LHB Juan Gabriel
|
0-0: Called Strike 0-1: SINGLE (Groundball, 4M)
|
Batting: RHB Bob Sargent
|
0-0: Foul Ball, location: 2F 0-1: Called Strike 0-2: Strikes out looking
|
Bottom of the 8th over - 0 run(s), 1 hit(s), 0 error(s), 1 left on base; Pure Michigan 5 - Augusta 3 |
TOP OF THE 9TH |
Pure Michigan Great Lakers batting - Pitching for Augusta Timber Hawks : RHP Tom Sosa
|
Pitching: LHP Keith Hall
|
|
Batting: RHB Lorenzo Sabastro
|
0-0: Ball 1-0: Ball 2-0: Called Strike 2-1: Called Strike 2-2: Strikes out looking
|
Batting: RHB Javier Rivera
|
0-0: Ball 1-0: Ball 2-0: Ball 3-0: Called Strike 3-1: Called Strike 3-2: Base on Balls
|
Batting: LHB Mario Cruz
|
0-0: Ball 1-0: Called Strike 1-1: Ball 2-1: Swinging Strike 2-2: Foul Ball, location: 2F 2-2: Foul Ball, location: 2F 2-2: Foul Ball, location: 2F 2-2: Foul Ball, location: 2F 2-2: Ball 3-2: Ground out 3-1 (Groundball, 34) Javier Rivera to second
|
Batting: RHB Nathan Horton
|
0-0: Swinging Strike 0-1: Ball 1-1: Ball 2-1: Foul Ball, location: 2F 2-2: Strikes out swinging
|
Top of the 9th over - 0 run(s), 0 hit(s), 0 error(s), 1 left on base; Pure Michigan 5 - Augusta 3 |
BOTTOM OF THE 9TH |
Augusta Timber Hawks batting - Pitching for Pure Michigan Great Lakers : RHP Jim Unknown
|
Now at 2B: Bartolo Benítez
|
|
Batting: LHB Mike Hanson
|
0-0: Foul Ball, location: 2F 0-1: Foul Ball, location: 2F 0-2: Ball 1-2: SINGLE (Groundball, 34D) (infield hit)
|
Batting: RHB Enrique Pimentel
|
0-0: Fly out, F3 (Popup, 3F)
|
Pinch Hitting: LHB Dinis Marcha
|
0-0: Swinging Strike 0-1: Ball 1-1: Ball 2-1: Ground out 3-1 (Groundball, 34) Mike Hanson to second
|
Pinch Hitting: RHB Hiwahikeiki Noelani
|
Balk! Mike Hanson to third 0-0: Called Strike 0-1: Ball 1-1: Foul Ball, location: 2F 1-2: Foul Ball, location: 2F 1-2: Ball 2-2: SINGLE (Line Drive, 78S) Mike Hanson scores
|
Pinch Hitting: SHB Phil Moore
|
0-0: Called Strike 0-1: SINGLE (Line Drive, 8RS) Hiwahikeiki Noelani to second
|
Pinch Hitting: SHB Lawrence Franklin
|
0-0: Ground out 4-3 (Groundball, 4)
|
Bottom of the 9th over - 1 run(s), 3 hit(s), 0 error(s), 2 left on base; Pure Michigan 5 - Augusta 4 |
|